 Dungeon Crawl Stone Soup version 0.30-a0-782-ge64f9170bb (webtiles) character file.

Game seed: 384030554677214075

65 Leeroy the Insei (level 4, -3/28 HPs)
             Began as an Octopode Transmuter on Feb 22, 2023.
             Slain by a gnoll
             ... wielding a +0 whip
              (7 damage)
             ... on level 2 of the Dungeon.
             The game lasted 00:01:27 (1680 turns).

Leeroy the Insei (Octopode Transmuter)              Turns: 1680, Time: 00:01:28

Health: -3/28      AC:  1    Str:  9    XL:     4   Next: 13%
Magic:  7/7        EV: 13    Int: 17    God:
Gold:   154        SH:  0    Dex: 12    Spells: 3/7 levels left

rFire   . . .      SeeInvis .      - Unarmed
rCold   . . .      Faith    .    (no shield)
rNeg    . . .      Spirit   .    (helmet restricted)
rPois   .          Reflect  .    (no amulet)
rElec   .          Harm     .    (no ring)
rCorr   .          Rampage  .    (no ring)
Will    .....                    (no ring)
Stlth   ++                       (no ring)
HPRegen 0.24/turn                (no ring)
MPRegen 0.10/turn                (no ring)
                                 (no ring)
                                 (no ring)

@: no status effects
A: almost no armour, amphibious, 8 rings, camouflage 1, gelatinous body 1,
(nimble swimmer 1), tentacles
a: no special abilities


You were on level 2 of the Dungeon.
You visited 1 branch of the dungeon, and saw 3 of its levels.

You collected 154 gold pieces.

Inventory:

Scrolls
 b - 2 scrolls of identify {unknown}
 f - a scroll of silence {unknown}
Potions
 a - a potion of lignification
 c - a potion of flight {unknown}
 d - a potion of heal wounds {unknown}
 e - a potion of curing {unknown}


   Skills:
 - Level 1.0 Fighting
 - Level 2.0 Dodging
 + Level 4.9 Unarmed Combat
 - Level 2.0 Spellcasting
 - Level 2.0 Transmutations


You had 3 spell levels left.
You knew the following spells:

 Your Spells              Type           Power      Damage    Failure   Level
a - Beastly Appendage     Tmut           16%        N/A       9%          1
b - Spider Form           Tmut/Pois      5%         N/A       36%         3

Your spell library contained the following spells:

 Spells                   Type           Power      Damage    Failure   Level
 Wereblood                Tmut           8%         N/A       13%         2
 Dazzling Flash           Conj/Hex       2%         N/A       50%         3
 Ice Form                 Ice/Tmut       5%         N/A       77%         4
 Agony                    Necr           1%         N/A       99%         5
 Silence                  Hex/Air        0%         N/A       99%         5
 Summon Forest            Summ/Tloc      0%         N/A       99%         5
 Eringya's Noxious Bog    Tmut/Pois      2%         N/A       100%        6
 Summon Hydra             Summ           0%         N/A       100%        7


Dungeon Overview and Level Annotations

Branches:
Dungeon (3/15)

Altars:


Innate Abilities, Weirdness & Mutations

You cannot wear most types of armour.
You are amphibious.
You can wear up to eight rings at the same time.
Your skin changes colour to match your surroundings (Stealth+).
Your rubbery body absorbs attacks. (AC +1, EV +1)
((You are camouflaged when in or above water. (Stealth+)))
You have tentacles for arms and can constrict up to eight enemies at once.


Message History

Your damage rating with unarmed combat is about 6 (Base [3 + 4 (UC)] x 97% (Str) x 101% (Fight)).
You see here an adder corpse.
You now have 154 gold pieces (gained 14).
Found a stone staircase leading up.
You see here an adder corpse.
Done exploring.
Done exploring.
No target in view!
You see here a +0 club.
There is a stone staircase leading down here.
You climb downwards.
The gnoll shouts!
The orc shouts!
The gnoll shouts!
Found 6 gold pieces.
There is a stone staircase leading up here.
There are monsters nearby!
There are monsters nearby!
The gnoll barely misses you.
There is a stone staircase leading up here.
The gnoll hits you with a +0 whip. x2
You climb upwards.
There is a stone staircase leading down here.
You barely miss the gnoll. Your grab misses the gnoll.
You closely miss the gnoll. You grab the gnoll. You constrict the gnoll.
The gnoll closely misses you. x2
You tentacle-slap the gnoll.
The gnoll is moderately wounded.
You constrict the gnoll. The gnoll hits you with a +0 whip. x2
You tentacle-slap the gnoll but do no damage.
You grab the gnoll.
You squeeze the gnoll, but do no damage.
You constrict the gnoll. x2; The gnoll hits you with a +0 whip!
The gnoll closely misses you.
You bludgeon the gnoll!
The gnoll is severely wounded.
You constrict the gnoll.
You constrict the gnoll, but do no damage.
The gnoll hits you with a +0 whip.
* * * LOW HITPOINT WARNING * * *
The gnoll hits you with a +0 whip!
You die...

#....#.#..#.# ###.# #.#...
###....).)..# #...# ##.....
##.#.#.)..# #.########......
####.#.#<...# #.##.....(......
.......##...# #.##.###........
####.####...# #.##.###.#######
#.#....#.######........#
#.#.####.....###..############
#.#.# #.###g@g...............
#.#.# #.# ###################
#.#.# #.# #.... #.#.####.#
#.... #.#......# #####
#.######## #.# ######## #.#
#....... #.# #.######


You could see 2 gnolls.

Vanquished Creatures
  An adder (D:2)
  A worm (D:2)
  3 ball pythons
  3 giant cockroaches
  6 goblins
  3 hobgoblins
  10 jackals
  7 kobolds
  2 quokkas
  A bat (D:2)
  2 frilled lizards (D:1)
  8 rats
47 creatures vanquished.

Notes
Turn   | Place    | Note
-------+----------+-------------------------------------------
     0 | D:1      | Leeroy the Octopode Transmuter began the quest for the Orb.
     0 | D:1      | Reached XP level 1. HP: 13/13 MP: 3/3
   155 | D:1      | Reached XP level 2. HP: 12/18 MP: 5/5
   526 | D:1      | Reached skill level 4 in Unarmed Combat
   546 | D:1      | Reached XP level 3. HP: 18/23 MP: 6/6
  1541 | D:2      | Learned a level 3 spell: Spider Form
  1568 | D:2      | Reached XP level 4. HP: 28/28 MP: 7/7
  1680 | D:2      | Slain by a gnoll

Illustrated notes

Levels and vault maps discovered:
D:1:      lightli_arrival_quake, layout_loops_ring, grunt_decor_fettered
D:2:      layout_basic, kennysheep_generic_room_11
D:3:      minmay_bubble_buster, layout_basic, mainiacjoe_overflow_alcove_1,
          lemuel_tele_altar, serial_shops, shop, small_statue_alley_b,
          uniq_grinder, uniq_sigmund

Skill      XL: |  1  2 |
---------------+-------+-----
Unarmed Combat | 4 |  4.9
Fighting       | |  1.0
Dodging        | |  2.0
Spellcasting   | |  2.0
Transmutations | |  2.0

Action                     |  1- 3 |  4- 6 || total
---------------------------+-------+-------++-------
  Melee: Unarmed           |   111 |     5 ||   116
         Constrict         |    27 |     2 ||    29
         Punch             |     7 |       ||     7
         Tentacles         |    15 |     1 ||    16
   Stab: Sleeping          |    13 |       ||    13
         Distracted        |     1 |       ||     1
 Armour: Skin              |     4 |       ||     4
  Dodge: Dodged            |    55 |     4 ||    59

Table legend: (Time is in decaauts)
 A = Elapsed time spent in this place.
 B = Non-inter-level travel time spent in this place.
 C = Inter-level travel time spent in this place.
 D = Time resting spent in this place.
 E = Time spent auto-exploring this place.
 F = Levels seen in this place.
 G = Mean time per level.
                   A        B        C        D        E       F      G
               +--------+--------+--------+--------+--------+-----+--------+
         Total |   1671 |   1637 |     34 |      0 |   1362 |   3 |  557.0 |
       Dungeon |   1671 |   1637 |     34 |      0 |   1362 |   3 |  557.0 |
               +--------+--------+--------+--------+--------+-----+--------+

Top non-repeatable levels by time:
     D:1: 923 daAuts
     D:2: 743 daAuts
     D:3: 3 daAuts
